 Dungeon Crawl Stone Soup version 0.28-b1-25-g9875b3fc8c (webtiles) character file.

Game seed: 6350801054250725570

0 comborobin the Sneak (level 1, -4/18 HPs)
             Began as a Demigod Delver on Feb 2, 2022.
             Killed by divine providence
             ... invoked by an orc priest
              (12 damage)
             ... on level 4 of the Dungeon.
             The game lasted 00:01:10 (214 turns).

comborobin the Sneak (Demigod Delver)                Turns: 214, Time: 00:01:11

Health: -4/18      AC:  3    Str: 13    XL:     1   Next: 6%
Magic:  3/3        EV: 11    Int: 12    God:
Gold:   0          SH:  0    Dex: 15    Spells: 0/0 levels left

rFire   . . .      SeeInvis .   a - +0 mace
rCold   . . .      Faith    .   (no shield)
rNeg    . . .      Spirit   .   b - +0 leather armour
rPois   .          Reflect  .   (no helmet)
rElec   .          Harm     .   (no cloak)
rCorr   .          Rampage  .   (no gloves)
Will    .....                   (no boots)
Stlth   +++.......              (no amulet)
HPRegen 0.06/turn               (no ring)
MPRegen 0.08/turn               (no ring)

@: no status effects
A: high MP 1, forlorn, divine attributes
a: no special abilities


You were on level 4 of the Dungeon.
You visited 1 branch of the dungeon, and saw 3 of its levels.

Inventory:

Hand Weapons
 a - a +0 mace (weapon)
Armour
 b - a +0 leather armour (worn)
Wands
 g - a wand of digging (2)


   Skills:
 - Level 2.6 Fighting
 + Level 1.8 Maces & Flails
 - Level 1.7 Dodging
 - Level 4.5 Stealth


You couldn't memorise any spells.
You didn't know any spells.
Your spell library was empty.

Dungeon Overview and Level Annotations

Branches:
Dungeon (5/15)
 Temple: D:4-7

Shops:
D:5 (


Innate Abilities, Weirdness & Mutations

You have an increased reservoir of magic. (+10% MP)
You shall have no god before yourself.
Your divine heritage dramatically boosts your attributes as you level up.


Message History

The gnoll hits you from afar with a +0 spear.
* * * LOW HITPOINT WARNING * * *
You barely miss the giant cockroach zombie.
The giant cockroach zombie is heavily damaged.
The giant cockroach zombie bites you but does no damage.
The gnoll closely misses you.
You hit the giant cockroach zombie.
The giant cockroach zombie is almost destroyed.
The giant cockroach zombie bites you but does no damage.
The gnoll barely misses you. The giant cockroach zombie bites you.
* * * LOW HITPOINT WARNING * * *
You hit the giant cockroach zombie.
You destroy the giant cockroach zombie!
The gnoll barely misses you. x2
There is a stone staircase leading down here.
The gnoll barely misses you.
You climb downwards.
Found 7 gold pieces.
There is a stone staircase leading up here.
You start resting.
A dart slug comes into view.
A dart slug is nearby!
You start resting.
There are monsters nearby!
You aren't carrying any potions.
Unknown command.
Okay, then.
As you read the scroll of fog, it crumbles to dust.
The scroll dissolves into smoke.
You aren't carrying any scrolls.
You aren't carrying any potions.
Unknown command.
Aiming: Dig
Press: ? - help, Shift-Dir - straight line A rock wall.
The rock shatters into small pieces.
The orc priest invokes the aid of Beogh against you.
Beogh smites you!
Ouch! That really hurt!
You die...

#......#
#.....o##
#######.##
##.##
##.##
##.##
##.##
##.## ##@#
###


You could see an orc priest.

Vanquished Creatures
  A giant cockroach zombie (D:3)
1 creature vanquished.

Vanquished Creatures (others)
  A withered plant (D:3)
1 creature vanquished.

Grand Total: 2 creatures vanquished

Notes
Turn   | Place    | Note
-------+----------+-------------------------------------------
     0 | D:5      | comborobin the Demigod Delver began the quest for the Orb.
     0 | D:5      | Reached XP level 1. HP: 18/18 MP: 3/3
    37 | D:4      | Noticed an orc priest
    39 | D:4      | Noticed an orc wizard
   214 | D:4      | Killed from afar by an orc priest

Illustrated notes

Levels and vault maps discovered:
D:3:      layout_basic, mainiacjoe_overflow_catwalk, serial_undead,
          serial_undead_b, serial_undead_b, serial_undead_b, serial_undead_d,
          uniq_crazy_yiuf_cottage
D:4:      layout_basic, chequers_mini_garden, roderic_malta_cross, uniq_edmund
D:5:      minmay_recursive_quarters, layout_rooms,
          mainiacjoe_overflow_boulevard, minivault_4, nicolae_stop_n_shop_1,
          corner_web_ring

Action                   || total
-------------------------++-------
Melee: Mace              ||     9
Evoke: Wand              ||     1
  Use: Scroll            ||     3
       Potion            ||     2
Armor: Leather armour    ||    12
Dodge: Dodged            ||    11
